 Dungeon Crawl Stone Soup version 0.31.0-11-ge490571c62 (webtiles) character file.

Game seed: 4406489033517961803

867 hawla the Scratcher (level 7, -1/32 (33) HPs)
             Began as a Felid Shapeshifter on Jan 26, 2024.
             Was an Initiate of Makhleb.
             Slain by a centaur (4 damage)
             ... on level 5 of the Dungeon.
             The game lasted 00:11:16 (3933 turns).

hawla the Scratcher (Felid Shapeshifter)            Turns: 3933, Time: 00:11:16

HP:   -1/32 (33)    AC:  2    Str: 11    XL:     7   Next: 73%
MP:   8/8           EV: 19    Int: 18    God:    Makhleb [......]
Gold: 235           SH:  0    Dex: 20    Spells: 6/6 levels left
                                        Lives: 0   Deaths: 3

rFire   . .          .
                       - Unarmed
rCold   . . .        (shield unavailable)
rNeg    . . .        (body armour unavailable)
rPois   .            (helmet unavailable)
rElec   .            (cloak unavailable)
rCorr   .            (gloves unavailable)
SInv    +            (boots unavailable)
Will    +....        (no amulet)
Stlth   ++           f - +6 ring of intelligence
HPRegen 0.25/turn    (no ring)
MPRegen 0.11/turn

%: no passive effects
@: beast-form, lightly drained
A: beast (slay +3), very small, claws 1, fangs 3, see invisible, shaggy fur 2,
stealthy paws, no weapons or thrown items, no armour, multi-lived, agile 1,
sense surroundings 1
a: Begin Untransformation, Renounce Religion


You were on level 5 of the Dungeon.
You worshipped Makhleb.
Makhleb was noncommittal.
You were a hulking beast.
You visited 2 branches of the dungeon, and saw 6 of its levels.

You collected 271 gold pieces.
You spent 36 gold pieces at shops.

Inventory:

Jewellery
 f - a +6 ring of intelligence (left paw)
Talismans
 b - a beast talisman
 c - a flux talisman
Wands
 g - a wand of digging (5)
Scrolls
 k - 4 scrolls of revelation
 o - a scroll of identify
 p - a scroll of enchant weapon {unknown}
 q - a scroll of enchant armour {unknown}
Potions
 a - a potion of invisibility {unknown}
 d - a potion of ambrosia
 e - a potion of resistance {unknown}
 h - 2 potions of curing {unknown}
 i - 2 potions of enlightenment {unknown}
 j - a potion of cancellation
 l - 2 potions of might {unknown}
 n - 2 potions of magic {unknown}


   Skills:
 - Level 1.0 Fighting
 + Level 4.5 Dodging
 + Level 6.7 Unarmed Combat
 + Level 5.5 Shapeshifting


You had 6 spell levels left.
You didn't know any spells.
Your spell library was empty.

Dungeon Overview and Level Annotations

Branches:
Dungeon (5/15)             Temple (1/1) D:5

Altars:
Ashenzari
Elyvilon
Gozag
Makhleb
Nemelex Xobeh
Okawaru
Trog
Uskayaw
Vehumet
Xom
Zin
The Shining One

Shops:
D:2 !


Innate Abilities, Weirdness & Mutations

You are a hulking beast.
Your limbs bulge with bestial killing power. (Slay +3)
You have sharp claws.
You have razor-sharp teeth.
You have supernaturally acute eyesight. (SInv)
You are covered in thick fur. (AC +2)
Your paws help you pounce on unaware monsters.
You are incapable of wielding weapons or throwing items.
You cannot wear armour.
You gain extra lives every three experience levels.
You are agile. (Dex +4, Str/Int -1)
You passively map a small area around you.


Message History

A gnoll comes into view.
The gnoll shouts!
The centaur shoots an arrow.
The arrow hits you!
The gnoll throws a boomerang.
The boomerang misses you.
An iguana comes into view.
The centaur unwields a +0 orcbow.
The centaur completely misses you. The centaur kicks you.
* * * LOW HITPOINT WARNING * * *
You claw the centaur!
The centaur is moderately wounded.
The centaur hits you.
* * * LOW HITPOINT WARNING * * *
The centaur kicks you.
* * * LOW HITPOINT WARNING * * *
The centaur hits you.
* * * LOW HITPOINT WARNING * * *
The centaur misses you.
As you read the scroll labelled OJI QA MUYRESHROTES, it crumbles to dust.
You hear a loud clanging noise!
It was a scroll of noise.
You hear a shout! x2; You hear a bark!
You hear a shout! x10; You hear a bark!
You hear a shout!
Something shouts, "Scamper home, thou skyhacking hasty-witted joithead!"
You hear a shout! x2
The centaur barely misses you. The centaur misses you.
The gnoll throws a boomerang.
The boomerang misses you.
You claw the centaur!
The centaur is severely wounded.
The centaur completely misses you. The centaur barely misses you.
You scratch the centaur but do no damage.
The centaur is severely wounded.
The centaur closely misses you. The centaur barely misses you.
The centaur hits you.
* * * LOW HITPOINT WARNING * * *
The centaur barely misses you.
The gnoll throws a boomerang.
The boomerang misses you.
You closely miss the centaur. You bite the centaur.
The centaur is almost dead.
The centaur hits you.
You die...

, ..... *
#..##.##.....# * *
..... ###..#........#
*....# #..............
,#..####.....#########
###.........## , * ,
#......###### ,
#...#...## * ,, , ,
....#.8.#, , ,, , , *
.......h#~~ , , * ,,
,...##..cl...... ,* ,
, .. #.......... , , .
#...#≈≈≈≈≈≈, *
,*..8.#g.....
#....####### , , *
,...#.. * , ,..##... ,
*


You could see a centaur, an iguana and a gnoll.

Vanquished Creatures
  Sigmund (D:3)
  A black bear (D:4)
  A brain worm (D:4)
  A scorpion (D:4)
  3 orc priests
  A hound (D:5)
  Crazy Yiuf (D:2)
  An iguana (D:2)
  Terence (D:2)
  An orc wizard (D:5)
  Robin (D:3)
  9 gnolls
  8 adders
  4 ribbon worms
  3 dart slugs
  10 orcs
  2 bats
  6 endoplasms
  5 giant cockroaches
  12 goblins
  5 hobgoblins
  8 kobolds
  3 quokkas
  6 ball pythons
  3 frilled lizards
  4 rats
101 creatures vanquished.

Vanquished Creatures (collateral kills)
  A hobgoblin (D:2)
1 creature vanquished.

Grand Total: 102 creatures vanquished

Notes
Turn   | Place    | Note
-------+----------+-------------------------------------------
     0 | D:1      | hawla the Felid Shapeshifter began the quest for the Orb.
     0 | D:1      | Reached XP level 1. HP: 10/10 MP: 2/2
   161 | D:1      | Reached XP level 2. HP: 7/14 MP: 3/3
   428 | D:1      | Reached skill level 4 in Unarmed Combat
   676 | D:2      | Reached XP level 3. HP: 14/18 MP: 4/4
   693 | D:2      | Found Wodghuet's Distillery.
   745 | D:2      | Slain by a gnoll
   745 | D:2      | Lost a life (0 lives remaining)
   806 | D:2      | Reached XP level 4. HP: 22/22 MP: 5/5
   806 | D:2      | Gained a life (1 life remaining)
   875 | D:2      | Reached skill level 5 in Unarmed Combat
  1098 | D:2      | Bought a potion of lignification for 36 gold pieces
  1258 | D:2      | Noticed Terence
  1286 | D:2      | Killed Terence
  1287 | D:2      | Reached XP level 5. HP: 25/25 MP: 6/6
  1530 | D:2      | Found a runed translucent door.
  1531 | D:2      | Noticed Crazy Yiuf
  1687 | D:2      | Killed Crazy Yiuf
  1812 | D:3      | Gained mutation: You are agile. (Dex +4, Str/Int -1)
                  | [potion of mutation]
  1812 | D:3      | Gained mutation: Your magical capacity is low. (-10% MP)
                  | [potion of mutation]
  1812 | D:3      | Gained mutation: You passively map a small area around you.
                  | [potion of mutation]
  1812 | D:3      | Lost mutation: Your magical capacity is low. (-10% MP)
                  | [potion of mutation]
  1947 | D:3      | Reached skill level 6 in Unarmed Combat
  2143 | D:3      | Gained mutation: You are covered in thick fur. (AC +2)
                  | [Felid growth]
  2143 | D:3      | Reached XP level 6. HP: 30/30 MP: 7/7
  2788 | D:4      | Noticed Robin
  2952 | D:4      | Noticed Sigmund
  2989 | D:3      | Killed Robin
  3011 | D:3      | Killed Sigmund
  3012 | D:3      | Reached XP level 7. HP: 17/33 MP: 8/8
  3012 | D:3      | Gained a life (2 lives remaining)
  3247 | D:4      | Reached skill level 5 in Shapeshifting
  3350 | D:4      | Found a bloodstained altar of Trog.
  3469 | D:4      | Slain by an ogre
  3469 | D:4      | Lost a life (1 life remaining)
  3590 | D:4      | Slain by an ogre
  3590 | D:4      | Lost a life (0 lives remaining)
  3606 | D:5      | Entered Level 5 of the Dungeon
  3820 | D:5      | Found a shimmering altar of Xom.
  3837 | D:5      | Found a staircase to the Ecumenical Temple.
  3851 | Temple   | Entered the Ecumenical Temple
  3858 | Temple   | Became a worshipper of Makhleb the Destroyer
  3933 | D:5      | Slain by a centaur

Illustrated notes

Levels and vault maps discovered:
D:1:      tarquinn_simple_flora_water_e, layout_loops_cross
D:2:      layout_basic, serial_shops, nicolae_shop_hallway_plus,
          uniq_crazy_yiuf_cottage, uniq_terence
D:3:      cheibrodos_pilgrimage, layout_rooms, serial_aquarium,
          aquarium_bridge_straight [aquarium_subvault_bridge,
          aquarium_subvault_balcony, aquarium_subvault_bridge,
          aquarium_subvault_wall], aquarium_window_fake, aquarium_window_1,
          aquarium_window_corridor_3, aquarium_window_1, aquarium_view_2b,
          aquarium_balcony_5b
D:4:      minmay_razor_zed, layout_loops_ring, trog_antimagical, uniq_robin,
          uniq_sigmund
D:5:      layout_cave_pools, general_overflow_altar, xom_teletrap_fun,
          fedhas_altar_decomposition, worldfamousw_hep_ancestral_shrine,
          minmay_temple_entry_offerings, serial_gnoll_camp,
          gnoll_camp_mini_shop, gnoll_camp_medium_01, gnoll_camp_mini_hut,
          gnoll_camp_mini_hut, grums_kennel, gnoll_camp_medium_02,
          chequers_serial_rivers_micro_b
Temple:   eino_temple_lava

Skill      XL: |  1  2  3  4  5  6  7 |
---------------+----------------------+-----
Dodging        | 3 4 |  4.5
Unarmed Combat | 4 5 6 |  6.7
Shapeshifting  | 4 5 |  5.5
Fighting       | |  1.0

Action                     |  1- 3 |  4- 6 |  7- 9 || total
---------------------------+-------+-------+-------++-------
  Melee: Unarmed           |    77 |   179 |    58 ||   314
         Bite              |     7 |    19 |     5 ||    31
         Punch             |     1 |     4 |     1 ||     6
    Use: Scroll            |     2 |     8 |     2 ||    12
         Potion            |       |     3 |     2 ||     5
   Stab: Sleeping          |     1 |     1 |       ||     2
 Armour: Skin              |    26 |    78 |    27 ||   131
  Dodge: Dodged            |    53 |   133 |    52 ||   238
